[Event "Titled Tuesday Blitz March 29 Early 2022"]
[White "Oganian, Miran"]
[Black "Hua, Lefong"]
[WhiteFideId "4122488"]
[BlackFideId "2602253"]
[WhiteElo "2357"]
[BlackElo "2606"]
[Result "1-0"]
[Round "09"]
[TimeControl "180+1"]
[Date "2022.03.29"]
[WhiteClock "0:00:12"]
[BlackClock "0:00:10"]

1. d4 Nf6 2. Nc3 d5 3. Bf4 g6 4. e3 Bg7 5. h4 c6 6. h5 Nxh5 7. Rxh5 gxh5 8. Qxh5 Nd7 9. Qh2 Nf6 10. Bc7 Qd7 11. f3 Qf5 12. O-O-O Qh5 13. Nh3 Bxh3 14. gxh3 Bh6 15. Kb1 Qxf3 16. e4 Nxe4 17. Re1 Nd2+ 18. Ka1 Nxf1 19. Qe5 O-O 20. a3 Bg7 21. Qg5 h6 22. Qg1 Nd2 23. Ka2 Ne4 24. Nxe4 dxe4 25. Re3 Qf6 26. Rg3 Kh7 27. c4 Rg8 28. Be5 Qxe5 29. dxe5 Bxe5 30. Rxg8 Rxg8 31. Qe3 f5 32. Qc5 Bf6 33. Qxf5+ Kg7 34. Qxe4 e5 35. h4 Re8 36. h5 Bg5 37. Qg6+ Kf8 38. Qe4 Re6 39. c5 Ke7 40. b4 b6 41. Kb3 bxc5 42. bxc5 Bf4 43. Kc2 Kd7 44. Kd1 Re7 45. Ke2 Kc7 46. Qa4 Kb7 47. Qb3+ Kc7 48. a4 Rd7 49. a5 Rd5 50. a6 Rxc5 51. Qb7+ Kd6 52. Qxa7 Rc2+ 53. Kd1 Rd2+ 54. Ke1 e4 55. Qb8+ Kd5 56. Qxf4 Ra2 57. Qf7+ 1-0


[Site "https://www.chess.com"]

[Event "Titled Tuesday Blitz March 29 Early 2022"]
[White "Oro, Luis"]
[Black "Martin Duque, Jesus"]
[WhiteFideId "104094"]
[BlackFideId "2208954"]
[WhiteElo "2370"]
[BlackElo "2532"]
[Result "1-0"]
[Round "09"]
[TimeControl "180+1"]
[Date "2022.03.30"]
[WhiteClock "0:00:10"]
[BlackClock "0:00:03"]

1. e4 c6 2. Nf3 d5 3. exd5 cxd5 4. d4 g6 5. c3 Bg7 6. Bd3 Nc6 7. O-O e6 8. a4 Nge7 9. b4 O-O 10. Re1 Bd7 11. Bf4 Rc8 12. Qd2 Re8 13. Qb2 f6 14. Nbd2 Qb6 15. Nb3 g5 16. Bg3 g4 17. a5 Qd8 18. Nfd2 e5 19. Nc5 Qc7 20. b5 Nb8 21. b6 axb6 22. axb6 Qc6 23. Ra5 Bf5 24. Bf1 Ng6 25. Raa1 h5 26. h3 gxh3 27. gxh3 Bh6 28. Ndb3 Qxb6 29. Ra4 Nc6 30. Rea1 h4 31. Bh2 Kh7 32. Kh1 Bf4 33. Bd3 Bxd3 34. Nxd3 Bxh2 35. Kxh2 e4 36. Ndc5 Rg8 37. Qd2 Qc7+ 38. Kh1 Nf4 39. Qe3 Rg6 40. Rg1 Rcg8 41. Rxg6 Rxg6 42. Ra1 b6 43. Na6 Qd6 44. Rg1 Rxg1+ 45. Kxg1 Ne7 46. Nb4 Neg6 47. Qd2 Nxh3+ 48. Kf1 Ng5 49. Qe2 Kh6 50. Qb5 Nf4 51. Qe8 Qe6 52. Qh8+ Kg6 53. Qxh4 Nf3 54. Qg3+ Ng5 55. Nc2 Nd3 56. Ne3 Qc6 57. Nd2 Qb5 58. Kg2 Qb2 59. Ndf1 Qe2 60. Nxd5 Qf3+ 61. Qxf3 exf3+ 62. Kg1 Nh3+ 63. Kh2 Nhxf2 64. Nxb6 Ng4+ 65. Kg3 f5 66. Kxf3 Kg5 67. Nd5 Ne1+ 68. Ke2 Ng2 69. Nfe3 Nf6 70. Nxf6 Nf4+ 71. Kf3 Nh3 72. Nh7+ Kg6 73. Nf8+ Kf7 74. Nd7 Ke6 75. Ne5 Ng5+ 76. Ke2 Ne4 77. Kd3 Nd6 78. Ng2 Ne4 79. Nf4+ Kf6 80. c4 Nf2+ 81. Kc3 Ne4+ 82. Kb4 Ke7 83. c5 Kd8 84. Kc4 Nd2+ 85. Kd5 Kc7 86. Ne6+ Kc8 87. c6 Ne4 88. Nc4 Nf6+ 89. Kc5 Ne4+ 90. Kb6 Kb8 91. d5 1-0


[Site "https://www.chess.com"]

[Event "Titled Tuesday Blitz March 29 Early 2022"]
[White "Ovezdurdyyeva, Jemal"]
[Black "Gracia Alvarez, Gerardo Antonio"]
[WhiteFideId "14001888"]
[BlackFideId "5109124"]
[WhiteElo "1946"]
[BlackElo "2139"]
[Result "0-1"]
[Round "09"]
[TimeControl "180+1"]
[Date "2022.03.30"]
[WhiteClock "0:00:09"]
[BlackClock "0:00:14"]

1. e4 e6 2. d4 d5 3. Nc3 Nf6 4. e5 Nfd7 5. f4 c5 6. Nf3 Nc6 7. Be3 Qb6 8. Rb1 cxd4 9. Nxd4 Nxd4 10. Bxd4 Bc5 11. Na4 Qa5+ 12. c3 Bxd4 13. Qxd4 b6 14. b3 O-O 15. Bd3 Ba6 16. O-O Bxd3 17. Qxd3 Nc5 18. Nxc5 Qxc5+ 19. Qd4 Rac8 20. Rbc1 Rc6 21. Qxc5 Rxc5 22. Rfd1 Rfc8 23. Rd3 b5 24. a3 f6 25. exf6 gxf6 26. Kf2 Kf7 27. Ke3 h5 28. Kd2 Rg8 29. g3 h4 30. Re1 hxg3 31. hxg3 Rh8 32. Rde3 Rc6 33. R1e2 Rh1 34. Re1 Rxe1 35. Kxe1 Ra6 36. c4 dxc4 37. bxc4 bxc4 38. Rc3 f5 39. Ke2 Kf6 40. Ke3 e5 41. Kf3 Ke6 42. Ke3 Kd5 0-1


[Site "https://www.chess.com"]

[Event "Titled Tuesday Blitz March 29 Early 2022"]
[White "Pajeken, Jakob Leon"]
[Black "Ilyasli, Ughur"]
[WhiteFideId "12942839"]
[BlackFideId "13416197"]
[WhiteElo "2565"]
[BlackElo "2471"]
[Result "0-1"]
[Round "09"]
[TimeControl "180+1"]
[Date "2022.03.30"]
[WhiteClock "0:00:59"]
[BlackClock "0:00:23"]

1. d4 Nf6 2. Bf4 g6 3. Nc3 d5 4. f3 Bg7 5. Qd2 Bf5 6. g4 Be6 7. h4 a6 8. h5 gxh5 9. g5 Nfd7 10. Rxh5 Nc6 11. e3 Nf8 12. Bg3 Ng6 13. Bg2 b5 14. Nge2 b4 15. Na4 Bf5 16. e4 dxe4 17. fxe4 Bg4 18. e5 Ncxe5 19. Bxe5 Bxe5 20. Rh1 Bxe2 21. dxe5 Bg4 22. Bc6+ Kf8 23. Bxa8 Qxa8 24. Rh2 Nxe5 25. Qxb4 Nf3+ 26. Kf2 Nxh2 27. Kg3 Qf3+ 28. Kxh2 Qf2+ 29. Kh1 Bf3# 0-1


[Site "https://www.chess.com"]

[Event "Titled Tuesday Blitz March 29 Early 2022"]
[White "Papasimakopoulos, Alexandros"]
[Black "Derjabin, Ilja"]
[WhiteFideId "4244125"]
[BlackFideId "14104768"]
[WhiteElo "2340"]
[BlackElo "2341"]
[Result "1-0"]
[Round "09"]
[TimeControl "180+1"]
[Date "2022.03.29"]
[WhiteClock "0:00:25"]
[BlackClock "0:00:20"]

1. d4 Nf6 2. c4 c5 3. d5 b5 4. Nf3 Bb7 5. a4 Qa5+ 6. Bd2 b4 7. b3 g6 8. Bc1 Bg7 9. Bb2 d6 10. Qc2 Nh5 11. Bxg7 Nxg7 12. e4 Nd7 13. Bd3 f6 14. O-O O-O-O 15. Nbd2 g5 16. h4 h6 17. Rfe1 Kb8 18. Nf1 Ne5 19. Nxe5 fxe5 20. hxg5 hxg5 21. f3 Nh5 22. g3 Bc8 23. Kf2 Rdf8 24. Ke3 Qc7 25. Qg2 g4 26. Be2 gxf3 27. Bxf3 Nf6 28. Nd2 Ng4+ 29. Bxg4 Bxg4 30. Rh1 Qd7 31. Rxh8 Rxh8 32. Rh1 Qe8 33. Rh4 Rg8 34. Qh2 Qf8 35. Rh7 Kc7 36. Qh4 Kd7 37. Qh6 Qxh6+ 38. Rxh6 Bd1 39. Rh1 Bxb3 40. Kf3 Bc2 41. g4 b3 42. Rg1 b2 43. g5 Rb8 44. g6 b1=Q 45. Nxb1 Rxb1 46. Rxb1 Bxb1 47. g7 1-0


[Site "https://www.chess.com"]

[Event "Titled Tuesday Blitz March 29 Early 2022"]
[White "Pein, Jonathan"]
[Black "Martin, Lewis"]
[WhiteFideId "417092"]
[BlackFideId "410551"]
[WhiteElo "2140"]
[BlackElo "2145"]
[Result "1-0"]
[Round "09"]
[TimeControl "180+1"]
[Date "2022.03.30"]
[WhiteClock "0:00:06"]
[BlackClock "0:00:03"]

1. b3 c5 2. Bb2 d5 3. e3 Nc6 4. Nf3 Nf6 5. g3 e6 6. Bg2 Be7 7. O-O O-O 8. Ne5 Nxe5 9. Bxe5 Nd7 10. Bb2 b5 11. c4 bxc4 12. bxc4 Bb7 13. cxd5 exd5 14. Nc3 Nb6 15. d4 Nc4 16. Bc1 cxd4 17. exd4 Rc8 18. Rb1 Ba8 19. Qh5 Nb6 20. Ne2 Rc2 21. Bf4 g6 22. Qf3 Re8 23. Rfc1 Rxa2 24. Nc3 Ra3 25. Qg4 f5 26. Qd1 Bf6 27. Nb5 Ra4 28. Nc7 Rxd4 29. Qb3 Re7 30. Nxa8 Qxa8 31. Be3 Qe8 32. Bxd4 Bxd4 33. Bxd5+ Kg7 34. Bf3 Qf8 35. Rd1 Qf6 36. Qb4 Be5 37. Re1 Bd6 38. Rxe7+ Qxe7 39. Qd4+ Be5 40. Qe3 Nc4 41. Qe2 Nd6 42. Re1 Kf6 43. Qa6 Qc7 44. Bd5 Qc3 45. Qe2 Qd4 46. Bg2 Nc4 47. Kh1 a5 48. f4 Bd6 49. Qe6+ Kg7 50. Rc1 Ne3 51. Qd7+ Kh6 52. Qc6 Bc5 53. Qxc5 Qxc5 54. Rxc5 Nxg2 55. Kxg2 a4 56. Ra5 a3 57. Rxa3 1-0


[Site "https://www.chess.com"]

[Event "Titled Tuesday Blitz March 29 Early 2022"]
[White "Piliczewski, Bogusz"]
[Black "Smietanska, Wiktoria"]
[WhiteFideId "1104144"]
[BlackFideId "21869359"]
[WhiteElo "1896"]
[BlackElo "1893"]
[Result "0-1"]
[Round "09"]
[TimeControl "180+1"]
[Date "2022.03.30"]
[WhiteClock "0:00:04"]
[BlackClock "0:00:05"]

1. d4 Nf6 2. Nf3 g6 3. Bf4 Bg7 4. e3 O-O 5. Be2 d6 6. h3 Nbd7 7. O-O Re8 8. c4 c5 9. Nc3 a6 10. a3 Rb8 11. b4 cxd4 12. exd4 Nh5 13. Be3 e5 14. Nd5 Ndf6 15. dxe5 dxe5 16. Bg5 h6 17. Bxf6 Nxf6 18. Nxf6+ Bxf6 19. Qxd8 Rxd8 20. Rfd1 Re8 21. c5 Be6 22. Rac1 Rbd8 23. Rxd8 Rxd8 24. Rd1 Rxd1+ 25. Bxd1 e4 26. Nd2 Bd5 27. Bc2 Bb2 28. Nxe4 f5 29. Nd6 Bxa3 30. b5 Bxc5 31. bxa6 Bxd6 32. a7 b5 33. Bb3 Bxb3 34. a8=Q+ Bf8 35. Qb7 Bc4 36. Qc6 Kf7 37. Qd7+ Be7 38. f4 b4 39. Qb7 b3 40. Kf2 Be6 41. Ke3 Kf6 0-1


[Site "https://www.chess.com"]

[Event "Titled Tuesday Blitz March 29 Early 2022"]
[White "Polster, Christian"]
[Black "Iskusnyh, Sergei"]
[WhiteFideId "12965081"]
[BlackFideId "4120027"]
[WhiteElo "2338"]
[BlackElo "2492"]
[Result "1-0"]
[Round "09"]
[TimeControl "180+1"]
[Date "2022.03.30"]
[WhiteClock "0:00:03"]
[BlackClock "0:00:04"]

1. d4 d5 2. Bf4 Nf6 3. e3 c5 4. Nc3 cxd4 5. exd4 Bg4 6. Be2 Bxe2 7. Qxe2 Nc6 8. Nb5 Rc8 9. Nd6+ Kd7 10. Nxc8 Qxc8 11. Nf3 e6 12. O-O Be7 13. c4 Rd8 14. Ne5+ Ke8 15. Nxc6 Qxc6 16. Rac1 dxc4 17. Rxc4 Qa6 18. b3 Nd5 19. Be5 Kf8 20. Rfc1 b6 21. a4 Kg8 22. Qg4 Bf8 23. h4 Qb7 24. h5 h6 25. Qf3 Qd7 26. Rc7 Nxc7 27. Rxc7 Qe8 28. Qb7 f6 29. Bg3 Rxd4 30. Qf3 e5 31. Rxa7 e4 32. Qf5 e3 33. fxe3 Qxe3+ 34. Bf2 Rd1+ 35. Kh2 Bd6+ 36. g3 Rd2 37. Ra8+ Bf8 38. Kg2 Qe7 39. Qf3 Qd7 40. Rb8 Rd3 41. Qe4 f5 42. Qb7 Qxb7+ 43. Rxb7 Rxb3 44. Rxb6 Ra3 45. Rb8 Ra2 46. Kf3 Kf7 47. Ra8 Ra3+ 48. Kg2 Bd6 49. a5 Ra2 50. Kf3 Ke6 51. a6 Ra3+ 52. Kg2 Ra2 53. Kf3 Ra3+ 54. Kg2 f4 55. gxf4 Ra2 56. a7 Bc5 57. Re8+ Kf7 58. a8=Q Rxf2+ 59. Kg3 Rc2 60. Qd8 Rc3+ 61. Kg4 1-0


[Site "https://www.chess.com"]

[Event "Titled Tuesday Blitz March 29 Early 2022"]
[White "Postnikov, Daniil"]
[Black "Toncheva, Nadya"]
[WhiteFideId "4166329"]
[BlackFideId "2924056"]
[WhiteElo "2550"]
[BlackElo "2448"]
[Result "1-0"]
[Round "09"]
[TimeControl "180+1"]
[Date "2022.03.30"]
[WhiteClock "0:00:53"]
[BlackClock "0:00:02"]

1. d4 Nf6 2. c4 e6 3. Nf3 c5 4. d5 exd5 5. cxd5 d6 6. Nc3 g6 7. Bf4 a6 8. a4 Bg7 9. h3 O-O 10. e3 Qe7 11. Be2 Ne8 12. O-O Nc7 13. a5 Nd7 14. Nd2 Ne5 15. Qb3 f5 16. Na4 g5 17. Bh2 Rb8 18. f4 gxf4 19. Bxf4 Bd7 20. Nb6 Bb5 21. Rae1 Rbe8 22. Ndc4 Nxc4 23. Nxc4 Bxc4 24. Bxc4 Rb8 25. Qb6 Rfd8 26. Bd3 Kh8 27. e4 fxe4 28. Rxe4 Qd7 29. Bg5 Re8 30. Rg4 Nxd5 31. Qb3 Ne3 32. Bxe3 Rxe3 33. Rf7 Rxd3 34. Rgxg7 Rxb3 35. Rxh7+ Kg8 36. Rxd7 Rxb2 37. h4 Rb4 38. Rdg7+ Kf8 39. h5 Rf4 40. h6 Ke8 41. g4 c4 42. g5 c3 43. Rg8+ Rf8 44. Rxf8+ Kxf8 45. Rh8+ Kf7 46. Rxb8 d5 47. Rc8 d4 48. h7 1-0


[Site "https://www.chess.com"]

[Event "Titled Tuesday Blitz March 29 Early 2022"]
[White "Postny, Evgeny"]
[Black "Hebden, Mark L"]
[WhiteFideId "2804344"]
[BlackFideId "400084"]
[WhiteElo "2483"]
[BlackElo "2457"]
[Result "1-0"]
[Round "09"]
[TimeControl "180+1"]
[Date "2022.03.29"]
[WhiteClock "0:00:02"]
[BlackClock "0:00:01"]

1. d4 Nf6 2. Nf3 g6 3. c4 Bg7 4. e3 O-O 5. Be2 d6 6. Nc3 Nbd7 7. b3 e5 8. Bb2 Re8 9. Qc2 c6 10. O-O a6 11. b4 e4 12. Nd2 d5 13. a4 Nf8 14. b5 Bf5 15. bxc6 bxc6 16. Nb3 Ne6 17. Ba3 h5 18. Nc5 Nxc5 19. Bxc5 Bg4 20. Rab1 Qd7 21. Rb6 dxc4 22. Bxc4 Nd5 23. Nxd5 cxd5 24. Rd6 Qxd6 25. Bxd6 dxc4 26. Qxc4 Rec8 27. Bc5 a5 28. Qd5 Be2 29. Rb1 Rab8 30. Rxb8 Rxb8 31. Qxe4 Bd1 32. d5 Bxa4 33. h3 Bb3 34. d6 Be6 35. Bd4 Rd8 36. Bxg7 Kxg7 37. Qe5+ Kh7 38. Qxa5 Rxd6 39. f3 Rd7 40. Kf2 Kg7 41. g4 hxg4 42. hxg4 f6 43. g5 fxg5 44. Qxg5 Kf7 45. Qf4+ Ke7 46. Kg3 Rd5 47. Qb4+ Kf7 48. Qb7+ Kf6 49. e4 Rg5+ 50. Kf4 Rh5 51. Qb2+ Kf7 52. Qb7+ Kf6 53. e5+ Rxe5 54. Qb2 g5+ 55. Kg3 Kf5 56. Qd4 Rd5 57. Qe4+ Kf6 58. Qh7 Rf5 59. Qh8+ Kf7 60. Qd4 Rd5 61. Qe4 Rf5 62. Kf2 Kf6 63. Qd4+ Kg6 64. Ke3 Kf7 65. Qh8 Bd5 66. Qh5+ Ke6 67. Qe8+ 1-0


[Site "https://www.chess.com"]

[Event "Titled Tuesday Blitz March 29 Early 2022"]
[White "Pourkashiyan, Atousa"]
[Black "Tanenbaum, Zachary"]
[WhiteFideId "12502014"]
[BlackFideId "2060850"]
[WhiteElo "2477"]
[BlackElo "2665"]
[Result "0-1"]
[Round "09"]
[TimeControl "180+1"]
[Date "2022.03.30"]
[WhiteClock "0:00:28"]
[BlackClock "0:00:51"]

1. e4 e5 2. Nf3 Nc6 3. Bb5 a6 4. Ba4 d6 5. O-O Nf6 6. Re1 Be7 7. c3 O-O 8. d4 b5 9. Bb3 Bg4 10. Be3 exd4 11. cxd4 Na5 12. Bc2 Nc4 13. Bc1 c5 14. d5 Nd7 15. h3 Bxf3 16. Qxf3 Bf6 17. Nc3 Nde5 18. Qd1 Re8 19. a4 b4 20. Ne2 Ng6 21. Rb1 Nh4 22. Ng3 Bd4 23. Bd3 Ne5 24. Be3 Bxe3 25. Rxe3 c4 26. Bf1 Qg5 27. Qh5 Qf6 28. Rc1 Rac8 29. Qd1 a5 30. Nh5 Qh6 31. Rg3 Nhf3+ 32. Rxf3 Nxf3+ 33. Qxf3 Qxc1 0-1


[Site "https://www.chess.com"]

[Event "Titled Tuesday Blitz March 29 Early 2022"]
[White "Pranav, V"]
[Black "Manukyan, Sargis A."]
[WhiteFideId "25060783"]
[BlackFideId "13303970"]
[WhiteElo "2349"]
[BlackElo "2187"]
[Result "0-1"]
[Round "09"]
[TimeControl "180+1"]
[Date "2022.03.29"]
[WhiteClock "0:00:02"]
[BlackClock "0:00:28"]

1. e4 c5 2. Nf3 d6 3. Bb5+ Bd7 4. Bxd7+ Qxd7 5. O-O Nc6 6. c3 Nf6 7. d4 cxd4 8. cxd4 e6 9. Nc3 d5 10. e5 Ne4 11. Re1 Nxc3 12. bxc3 Be7 13. Bg5 O-O 14. Bxe7 Nxe7 15. Qd3 Rfc8 16. Ng5 Ng6 17. h4 Qe7 18. g3 h6 19. Nf3 Rab8 20. a4 b6 21. Rec1 Rc7 22. Rc2 Rbc8 23. Rac1 Qa3 24. Qa6 Rxc3 25. Qxc8+ Rxc8 26. Rxc8+ Kh7 27. Kg2 Qxa4 28. h5 Ne7 29. Rf8 Qd7 30. Nh4 Nc6 31. Rc3 b5 32. Rf3 Nd8 33. Rf4 Qe7 34. Rxd8 Qxd8 35. Rxf7 b4 36. Ng6 a5 37. Rb7 Qa8 38. Rb6 a4 39. Rxb4 a3 40. Rb1 a2 41. Rc1 a1=Q 42. Nf8+ Kg8 43. Rxa1 Qxa1 44. Nxe6 Qd1 45. f3 Qe2+ 46. Kh3 Qxf3 47. Nf4 Qe4 48. e6 Qxd4 0-1


[Site "https://www.chess.com"]

[Event "Titled Tuesday Blitz March 29 Early 2022"]
[White "Przybylski, Wojciech"]
[Black "Mika, Tomasz"]
[WhiteFideId "1117599"]
[BlackFideId "1132970"]
[WhiteElo "2133"]
[BlackElo "2116"]
[Result "0-1"]
[Round "09"]
[TimeControl "180+1"]
[Date "2022.03.30"]
[WhiteClock "0:00:01"]
[BlackClock "0:00:04"]

1. e4 c6 2. d4 d5 3. exd5 cxd5 4. Bd3 Nc6 5. c3 Nf6 6. h3 e5 7. dxe5 Nxe5 8. Nf3 Nxd3+ 9. Qxd3 Be7 10. O-O O-O 11. Be3 Qc7 12. Nbd2 Bd7 13. Rfd1 Rfd8 14. Nb3 a6 15. Nbd4 Ne4 16. Rac1 Bf6 17. c4 Nc5 18. Qa3 Qd6 19. Nb3 Ne4 20. Nc5 Bc6 21. b4 Nxc5 22. Bxc5 Qe6 23. Bb6 Rd7 24. Re1 Qf5 25. Qe3 h6 26. Nd4 Bxd4 27. Bxd4 dxc4 28. Rxc4 Qd5 29. Qg3 f6 30. Rxc6 Qxc6 31. Be3 Kh7 32. Rc1 Qe6 33. Qf3 Rad8 34. Kh2 Qd6+ 35. Bf4 Qd5 36. Qe2 Qd3 37. Qe6 Qd5 38. Qg4 Qe4 39. f3 Qg6 40. Qe6 Rd3 41. Qc4 R3d4 42. Qc7 R8d5 43. Qxb7 Rf5 44. Be3 Rd3 45. Qe4 Re5 46. Qxg6+ Kxg6 47. Bf4 Re2 48. a4 Rb3 49. Bd6 Rbb2 50. Rg1 Ra2 51. a5 h5 52. h4 Kf5 53. Kg3 Ke6 54. Bc5 Kd5 55. Kh3 Ke6 56. Kg3 g5 57. hxg5 fxg5 58. Kh3 Kf5 59. Kg3 h4+ 60. Kh3 Rac2 61. Bd6 Red2 62. Bc5 Rd3 63. Kh2 g4 64. fxg4+ Kxg4 65. Re1 Rh3+ 66. Kg1 Rg3 67. Bf2 Rd3 68. Re4+ Kf5 69. Rxh4 Rd1+ 70. Kh2 Rxf2 71. Rh8 Rfd2 72. Rh6 Rd6 73. Rh8 Kf4 74. Rf8+ Ke4 75. Re8+ Kd4 76. Rc8 Rd3 77. g3 Rg6 78. Rd8+ Kc4 79. Rb8 Rdxg3 80. Kh1 Rh3# 0-1


[Site "https://www.chess.com"]

[Event "Titled Tuesday Blitz March 29 Early 2022"]
[White "Rustemov, Alexander"]
[Black "Perez Gormaz, Matias"]
[WhiteFideId "4119002"]
[BlackFideId "3406342"]
[WhiteElo "2749"]
[BlackElo "2327"]
[Result "1-0"]
[Round "09"]
[TimeControl "180+1"]
[Date "2022.03.29"]
[WhiteClock "0:00:13"]
[BlackClock "0:00:01"]

1. d4 d5 2. c4 e6 3. Nc3 a6 4. cxd5 exd5 5. Nf3 c6 6. Bf4 Bd6 7. Bxd6 Qxd6 8. e3 Ne7 9. h3 O-O 10. Be2 Bf5 11. O-O Nd7 12. Rc1 Rfe8 13. Na4 Qc7 14. b4 Nc8 15. Nc5 Nd6 16. Qb3 Nb6 17. Nd2 Qe7 18. a4 Qg5 19. Kh2 g6 20. Rce1 h5 21. Bd3 Bxd3 22. Qxd3 Re7 23. Nf3 Qf6 24. Ne5 Rae8 25. a5 Nbc4 26. f4 Nf5 27. e4 Nfd6 28. exd5 cxd5 29. Re2 Qf5 30. Qf3 Ne4 31. Rfe1 Ncd6 32. g4 hxg4 33. hxg4 Qf6 34. Kg2 g5 35. f5 Rxe5 36. dxe5 Qxe5 37. Qh3 Qg7 38. Rh1 Rc8 39. Qh6 Qxh6 40. Rxh6 Kg7 41. Rh3 Nxc5 42. bxc5 Ne4 43. Rb3 Rxc5 44. Rxb7 Rxa5 45. Rc2 Nd6 46. Rd7 Nb5 47. Rc6 Ra4 48. Rg6+ Kf8 49. Rxg5 Nd4 50. Rxd5 1-0


[Site "https://www.chess.com"]

[Event "Titled Tuesday Blitz March 29 Early 2022"]
[White "Salinas Herrera, Pablo"]
[Black "Steinberg, Nitzan"]
[WhiteFideId "3407128"]
[BlackFideId "2801795"]
[WhiteElo "2541"]
[BlackElo "2440"]
[Result "1-0"]
[Round "09"]
[TimeControl "180+1"]
[Date "2022.03.29"]
[WhiteClock "0:00:11"]
[BlackClock "0:00:03"]

1. d4 d5 2. Nf3 Nf6 3. Bf4 e6 4. e3 Bd6 5. Nbd2 O-O 6. Bd3 c5 7. c3 Qc7 8. Bxd6 Qxd6 9. Ne5 b6 10. f4 Ba6 11. Bc2 Nc6 12. g4 Nd7 13. g5 cxd4 14. exd4 Ncxe5 15. fxe5 Nxe5 16. dxe5 Qxe5+ 17. Kf2 Qxg5 18. Nf3 Qh5 19. h4 h6 20. Qd4 Rac8 21. Rag1 e5 22. Qxe5 Qxe5 23. Nxe5 d4 24. Rh3 Rfe8 25. Re1 Rc5 26. Nd3 Rf5+ 27. Rf3 Rxe1 28. Nxe1 Ra5 29. Bb3 Re5 30. Bxf7+ Kh7 31. Nd3 Re7 32. Bd5 dxc3 33. bxc3 g6 34. c4 Kg7 35. Nf4 Bc8 36. Re3 Rxe3 37. Kxe3 Kf6 38. Be4 g5 39. hxg5+ hxg5 40. Nd5+ Ke5 41. Nc3 Ba6 42. Nb5 g4 43. a3 g3 44. Bg2 Bxb5 45. cxb5 Kd6 46. Kd4 Ke6 47. Ke3 Kd6 48. Kd4 Ke6 49. a4 Kd6 50. Bf3 Ke6 51. Ke3 Ke5 52. Bb7 Kd6 53. Kf3 Kc5 54. Ba6 Kb4 55. Kxg3 Kxa4 56. Kf4 Kb4 57. Ke5 Kc5 58. Ke6 Kc4 59. Kd6 Kb4 60. Kc7 Kc5 61. Kb7 Kd6 62. Kxa7 Kc7 63. Bb7 1-0


[Site "https://www.chess.com"]

[Event "Titled Tuesday Blitz March 29 Early 2022"]
[White "Sanchez Alvares, Kelvin Antonio"]
[Black "Muradov, Soltan"]
[WhiteFideId "3906680"]
[BlackFideId "14002108"]
[WhiteElo "2538"]
[BlackElo "2357"]
[Result "1-0"]
[Round "09"]
[TimeControl "180+1"]
[Date "2022.03.30"]
[WhiteClock "0:01:03"]
[BlackClock "0:00:05"]

1. e4 e5 2. Nf3 Nf6 3. Nxe5 d6 4. Nxf7 Kxf7 5. d4 g6 6. Nc3 Be6 7. f4 Bg7 8. Bd3 Re8 9. e5 dxe5 10. fxe5 Nd5 11. O-O+ Kg8 12. Ne4 Nb6 13. c3 N8d7 14. Ng5 Qe7 15. Nxh7 Kxh7 16. Qh5+ Kg8 17. Qxg6 Nf8 18. Rxf8+ Kxf8 19. Bg5 Qf7 20. Rf1 Qxf1+ 21. Kxf1 Nd5 22. Bf6 Re7 23. Bxe7+ Nxe7 24. Qxe6 1-0


[Site "https://www.chess.com"]

[Event "Titled Tuesday Blitz March 29 Early 2022"]
[White "Sarkar, Justin"]
[Black "Ronka, Erik"]
[WhiteFideId "2010011"]
[BlackFideId "505080"]
[WhiteElo "2038"]
[BlackElo "2264"]
[Result "0-1"]
[Round "09"]
[TimeControl "180+1"]
[Date "2022.03.30"]
[WhiteClock "0:00:02"]
[BlackClock "0:00:56"]

1. e4 c5 2. Nf3 e6 3. d4 cxd4 4. Nxd4 a6 5. c4 Qc7 6. Nc3 b6 7. Bd3 Bb7 8. O-O Nf6 9. a3 d6 10. Be3 Be7 11. b4 O-O 12. Rc1 Nbd7 13. f4 Rac8 14. f5 e5 15. Nb3 Qb8 16. g4 b5 17. cxb5 axb5 18. g5 Ne8 19. Bxb5 Rd8 20. Nd5 Bxd5 21. Qxd5 Nc7 22. Rxc7 Qxc7 23. f6 gxf6 24. Bxd7 Rxd7 25. gxf6 Bd8 26. Kh1 Kh8 27. Bh6 Rg8 28. Qd2 Qc4 29. Bg7+ Rxg7 30. fxg7+ Kg8 0-1


[Site "https://www.chess.com"]

[Event "Titled Tuesday Blitz March 29 Early 2022"]
[White "Seo, Jung Min"]
[Black "Shohat, Yotam"]
[WhiteFideId "1734687"]
[BlackFideId "2813955"]
[WhiteElo "2401"]
[BlackElo "2119"]
[Result "1-0"]
[Round "09"]
[TimeControl "180+1"]
[Date "2022.03.29"]
[WhiteClock "0:01:39"]
[BlackClock "0:00:01"]

1. d4 Nf6 2. c4 g6 3. Nc3 Bg7 4. e4 O-O 5. Be2 d6 6. Nf3 e5 7. Be3 Ng4 8. Bg5 f6 9. Bh4 h5 10. h3 Nh6 11. Bg3 Nc6 12. d5 Ne7 13. Nd2 f5 14. f3 fxe4 15. fxe4 Bf6 16. Qc2 Bg5 17. O-O-O h4 18. Be1 c6 19. Kb1 Bd7 20. Nf3 Rxf3 21. Bxf3 Nf7 22. Rf1 Rc8 23. Qe2 cxd5 24. cxd5 b5 25. Nxb5 Qb6 26. Nc3 Nh6 27. Ka1 a5 28. Bd2 Bxd2 29. Qxd2 Kg7 30. Qg5 Neg8 31. Qxh4 a4 32. a3 Rxc3 33. bxc3 Qb3 34. Qf2 Qxa3+ 35. Qa2 Qxc3+ 36. Qb2 Qe3 37. Rfe1 Qa7 38. Qa3 Qa5 39. Rc1 Bb5 40. Qxd6 Nf7 41. Qc7 Nf6 42. Qxa5 1-0


[Site "https://www.chess.com"]

[Event "Titled Tuesday Blitz March 29 Early 2022"]
[White "Shuvalova, Polina"]
[Black "Ezat, Mohamed"]
[WhiteFideId "24171760"]
[BlackFideId "10600906"]
[WhiteElo "2355"]
[BlackElo "2386"]
[Result "1-0"]
[Round "09"]
[TimeControl "180+1"]
[Date "2022.03.29"]
[WhiteClock "0:01:04"]
[BlackClock "0:00:29"]

1. d4 Nf6 2. Nf3 g6 3. c4 Bg7 4. Nc3 O-O 5. Bg5 d6 6. e3 c5 7. d5 b5 8. cxb5 a6 9. a4 Bb7 10. Bc4 Nbd7 11. bxa6 Bxa6 12. Bxa6 Rxa6 13. O-O Nb6 14. a5 Nbd7 15. Qa4 Qa8 16. e4 Re8 17. Nd2 h6 18. Bxf6 Nxf6 19. Nc4 e6 20. dxe6 Rxe6 21. Nb6 Qb7 22. Rfe1 Nxe4 23. Rxe4 Bxc3 24. Rxe6 Bxa5 25. Qe8+ Kg7 26. Re7 Bxb6 27. Qxf7+ Kh8 28. Qg7# 1-0


[Site "https://www.chess.com"]

[Event "Titled Tuesday Blitz March 29 Early 2022"]
[White "Silva, Mariana Sofia T."]
[Black "Krylov, Ivan"]
[WhiteFideId "1911899"]
[BlackFideId "24128066"]
[WhiteElo "1825"]
[BlackElo "2258"]
[Result "0-1"]
[Round "09"]
[TimeControl "180+1"]
[Date "2022.03.30"]
[WhiteClock "0:00:01"]
[BlackClock "0:00:04"]

1. d4 d5 2. c4 e6 3. Nf3 Nf6 4. g3 Bb4+ 5. Bd2 Bxd2+ 6. Qxd2 O-O 7. Bg2 dxc4 8. O-O Nc6 9. Na3 Bd7 10. Nxc4 Nd5 11. e4 Nf6 12. Rfe1 Ne7 13. Rac1 Bc6 14. Nfe5 Rc8 15. Na5 Rb8 16. Naxc6 Nxc6 17. Nxc6 bxc6 18. Rxc6 Qd7 19. Rec1 Rfc8 20. d5 exd5 21. exd5 Rb5 22. d6 Ne8 23. a4 Rb6 24. a5 Rxc6 25. Rxc6 Nxd6 26. Qc3 Nb5 27. Qc4 Nd6 28. Qc3 Nb5 29. Qc5 Rb8 30. h4 Qd1+ 31. Kh2 Qd7 32. Bh3 Qd8 33. Qe5 Nd6 34. Bg2 h6 35. Qc3 Nb5 36. Qc5 Qc8 37. Bh3 Qd8 38. Bg2 Rb7 39. Bf1 Rb8 40. Bxb5 a6 41. Bf1 Rxb2 42. Bg2 Qd2 43. Rxc7 Qxf2 44. Rc8+ Kh7 45. Qd5 Qd2 46. Qxd2 Rxd2 47. Kh3 Ra2 48. Rc5 Ra4 49. Bd5 Ra3 50. Bxf7 g6 51. Be6 Kg7 52. Bc8 Kf6 53. Bxa6 Ra1 54. Bc4 Ra3 55. Rc6+ Kf5 56. a6 Ke5 0-1


[Site "https://www.chess.com"]

[Event "Titled Tuesday Blitz March 29 Early 2022"]
[White "Skliarov, Viktor"]
[Black "Shuvalov, Evgenij"]
[WhiteFideId "14106736"]
[BlackFideId "4187237"]
[WhiteElo "2615"]
[BlackElo "2485"]
[Result "1/2-1/2"]
[Round "09"]
[TimeControl "180+1"]
[Date "2022.03.30"]
[WhiteClock "0:00:05"]
[BlackClock "0:00:20"]

1. e4 e6 2. d4 d5 3. e5 c5 4. c3 Nc6 5. Nf3 Qb6 6. a3 Bd7 7. b4 cxd4 8. cxd4 Rc8 9. Bb2 Nge7 10. Nc3 Na5 11. Na4 Qc6 12. Nc5 Nc4 13. Bc3 b6 14. Nxd7 Qxd7 15. Bd3 b5 16. O-O Nc6 17. Ng5 g6 18. h4 h6 19. Nh3 h5 20. Nf4 Ne7 21. a4 a6 22. axb5 axb5 23. Ra6 Bh6 24. Qf3 Nxe5 25. dxe5 Rxc3 26. Ra8+ Rc8 27. Rxc8+ Nxc8 28. Qe2 O-O 29. Nxh5 gxh5 30. Qxh5 Kg7 31. Qg4+ Kh8 32. Qh5 Kg7 33. Qg4+ Kh8 34. Qh5 Kg7 1/2-1/2


[Site "https://www.chess.com"]